 Dungeon Crawl Stone Soup version 0.18-a0-1273-g8ec5f8e (webtiles) character file.

112 M4edhros the Sneak (level 4, -3/28 HPs)
             Began as an Octopode Artificer on Feb 8, 2016.
             Slain by a river rat (5 damage)
             ... summoned by Eustachio
             ... on level 4 of the Dungeon.
             The game lasted 00:04:20 (2046 turns).

M4edhros the Sneak (Octopode Artificer)             Turns: 2046, Time: 00:04:21

Health: -3/28      AC:  1    Str: 10    XL:     4   Next: 95%
Magic:  7/7        EV: 13    Int: 15    God:
Gold:   148        SH:  0    Dex: 12    Spells: 0 memorised, 3 levels left

rFire  . . .     SeeInvis .     a - +0 short sword
rCold  . . .     Gourm    .     (no shield)
rNeg   . . .     Faith    .     (helmet restricted)
rPois  .         Spirit   .     (no amulet)
rElec  .         Dismiss  .     p - +1 ring of slaying
rCorr  .         Reflect  .     (no ring)
SustAt .         Harm     .     (no ring)
MR     .....                    (no ring)
Stlth  ++++......               (no ring)
                                (no ring)
                                (no ring)
                                (no ring)

@: not resistant to hostile enchantments, stealthy
A: almost no armour, amphibious, 8 rings, constrict 8, camouflage 1, gelatinous
body 1
a: no special abilities


You were on level 4 of the Dungeon.
You were very hungry.

You visited 1 branch of the dungeon, and saw 4 of its levels.

You collected 148 gold pieces.

Inventory:

Hand Weapons
 a - a +0 short sword (weapon)
Missiles
 e - 127 stones (quivered)
Jewellery
 p - a +1 ring of slaying (left tentacle)
Wands
 b - a wand of flame (12/48)
 c - a wand of enslavement (11/24)
 d - a wand of random effects (9/48)
Scrolls
 g - a scroll of noise {unknown}
 h - a scroll of magic mapping {unknown}
 i - a scroll of amnesia {unknown}
 k - 3 scrolls of identify {unknown}
 o - a scroll of immolation {unknown}
 r - 5 scrolls of fear {unknown}
 t - a scroll of remove curse {unknown}
 v - a scroll of blinking {unknown}
 x - a scroll of enchant weapon {unknown}
Potions
 l - a potion of curing
 m - a potion of ambrosia {unknown}
 n - a potion of invisibility {unknown}
 s - a potion of mutation {unknown}
 w - a potion of might {unknown}
Books
 u - a book of Clouds

   Spells                             Type                      Level
   a - Mephitic Cloud                 Conjuration/Poison/Air       3
   b - Conjure Flame                  Conjuration/Fire             3
   c - Poisonous Cloud                Conjuration/Poison/Air       6
   d - Freezing Cloud                 Conjuration/Ice/Air          6
   e - Ring of Flames                 Charms/Fire                  7
Comestibles
 f - 4 bread rations
 j - 2 meat rations
 q - a slice of pizza


   Skills:
 - Level 1.0 Fighting
 - Level 1.0 Short Blades
 * Level 3.3 Dodging
 * Level 4.4 Stealth
 + Level 4.0 Evocations


You had 3 spell levels left.
You didn't know any spells.

Dungeon Overview and Level Annotations

Branches:
Dungeon (4/15)
 Temple: D:4-7

Altars:
Dithmenos
Pakellas
Ru
Zin

Annotations:
D:4 Eustachio; M4edhros's ghost, weakling OpAr


Innate Abilities, Weirdness & Mutations

You cannot wear most types of armour.
You are amphibious.
You can wear up to eight rings at the same time.
You can use your tentacles to constrict eight enemies at once.
Your skin changes colour to match your surroundings (Stealth).
Your rubbery body absorbs attacks (AC +1).


Message History

Zapping:
b - a wand of flame (14/48)
Press: ? - help, Shift-Dir - straight line, f/p - Eustachio
Aim: Eustachio, wielding a rapier and wearing a glowing leather armour (severely wounded, constricted by you)
The puff of flame hits Eustachio.
Eustachio resists.
Eustachio is almost dead.
This wand has 13 charges left.
You constrict Eustachio. Eustachio barely misses you. The river rat bites you.
* * * LOW HITPOINT WARNING * * *
The river rat closely misses you. The rat closely misses you.
Evoke which item? (* to show all) (? for menu, Esc to quit)
Zapping:
b - a wand of flame (13/48)
Press: ? - help, Shift-Dir - straight line, f/p - Eustachio
Aim: Eustachio, wielding a rapier and wearing a glowing leather armour (almost dead, constricted by you)
The puff of flame hits Eustachio.
Eustachio resists.
Eustachio is almost dead.
This wand has 12 charges left.
You constrict Eustachio. Eustachio hits you with a rapier.
* * * LOW HITPOINT WARNING * * *
The river rat bites you.
You die...

#...#.....'.... .)
###+#.<...#...# ...
#....###'##...# ..##########
#....#...##...# #.........#
#....#...##...#
#.........####....#...#....+
#.................#...##...#
#.........rr......#...##...#
+....#####@@......#.........
#....'...#.r..#####.........
#####....#...#....'.......##...#
#........#...#....#.......##...#
#.....5..#...##'###..##'####...#
#........#..5##..#...##...##...#
#........#5..+...'...#....###'##
#..5@#####...##..##..#....#.....
#....'..#....##5.##..#....#.....


You could see Eustachio, 2 river rats and a rat.

Vanquished Creatures
  An orc wizard (D:3)
  Jessica (D:3)
  An adder (D:2)
  A worm (D:4)
  2 giant geckos (D:3)
  3 orcs (D:3)
  A giant cockroach (D:1)
  2 goblins
  6 hobgoblins
  6 jackals
  A quokka (D:3)
  8 bats
  2 giant newts
  3 kobolds
  3 rats
41 creatures vanquished.

Notes
Turn   | Place    | Note
--------------------------------------------------------------
     0 | D:1      | M4edhros the Octopode Artificer began the quest for the Orb.
     0 | D:1      | Reached XP level 1. HP: 13/13 MP: 3/3
   209 | D:1      | Reached XP level 2. HP: 18/18 MP: 4/4
   598 | D:2      | Reached XP level 3. HP: 23/23 MP: 5/5
   657 | D:2      | Found a sacrificial altar of Ru.
  1045 | D:3      | Reached XP level 4. HP: 18/28 MP: 6/6
  1312 | D:3      | Noticed Jessica
  1324 | D:3      | Killed Jessica
  1324 | D:3      | Reached skill level 4 in Stealth
  1463 | D:3      | Found a glowing silver altar of Zin.
  1463 | D:3      | Found an oddly glowing altar of Pakellas.
  1463 | D:3      | Found a shadowy altar of Dithmenos.
  1703 | D:4      | Noticed Eustachio
  1737 | D:4      | Noticed M4edhros's ghost (weakling OpAr)
  2046 | D:4      | Slain by a river rat

Vault maps used:
D:1:      lemuel_arrival_behind_the_door_large
D:2:      tgw_trog, old_standard_altar, nicolae_underground_beach
D:3:      gammafunk_temple_overflow_claw, marbit_many_paths, uniq_jessica
D:4:      lemuel_doored_altar, first_bread, uniq_eustachio

Action                   |  1- 3 |  4- 6 || total
-------------------------+-------+-------++-------
Melee: Short sword       |    47 |    39 ||    86
Evoke: Wand              |     1 |    12 ||    13
  Use: Potion            |       |     2 ||     2
 Stab: Sleeping          |     6 |     6 ||    12
  Eat: Chunk             |       |     2 ||     2
